 Dungeon Crawl Stone Soup version 0.29-a0-841-g116ddc6ace (webtiles) character file.

Game seed: 12073485292829402580

4789 omnesmortales the Cleaver (level 10, -3/88 HPs)
             Began as a Hill Orc Fighter on July 14, 2022.
             Was a Priest of Wu Jian.
             Slain by a two-headed ogre
             ... wielding a +0 giant spiked club
              (15 damage)
             ... on level 9 of the Dungeon on July 15, 2022.
             The game lasted 01:33:15 (9490 turns).

omnesmortales the Cleaver (Hill Orc Fighter)        Turns: 9490, Time: 01:33:16

Health: -3/88      AC: 12    Str: 30    XL:     10   Next: 47%
Magic:  10/10      EV: 16    Int: 10    God:    Wu Jian [***...]
Gold:   391        SH: 12    Dex: 10    Spells: 8/9 levels left

rFire   . . .      SeeInvis .   U - +4 war axe (freeze)
rCold   + . .      Faith    .   c - +2 buckler
rNeg    . . .      Spirit   .   g - +2 ring mail {rPois}
rPois   +          Reflect  +   r - +1 helmet
rElec   .          Harm     .   (no cloak)
rCorr   .          Rampage  .   v - +0 pair of gloves
Will    .....                   (no boots)
Stlth   ++........              L - amulet of reflection
HPRegen 0.24/turn               t - ring of the Heavens {*Corrode rC+ EV+4 Int+2 Stlth+}
MPRegen 0.12/turn               N - +6 ring of strength

@: no status effects
A: no striking features
a: Renounce Religion, Wall Jump, Serpent's Lash


You were on level 9 of the Dungeon.
You worshipped Wu Jian.
Wu Jian was most pleased with you.
You visited 2 branches of the dungeon, and saw 10 of its levels.

You collected 540 gold pieces.
You spent 149 gold pieces at shops.

Inventory:

Hand Weapons
 a - a +1 war axe
 w - a +4 broad axe of electrocution
 y - a +1 mace of venom
 D - a +2 whip of flaming
 I - a +2 dagger of draining
 Q - a +0 sling
 S - a +2 flail of draining
 U - a +4 war axe of freezing (weapon)
Missiles
 l - 76 stones (quivered)
 P - 6 boomerangs
 T - 2 boomerangs of dispersal
Armour
 c - a +2 buckler (worn)
 g - a +2 ring mail of poison resistance (worn)
 r - a +1 helmet (worn)
 v - a +0 pair of gloves (worn)
 W - +0 steam dragon scales
Magical Staves
 n - a staff of poison
 O - a staff of cold
Jewellery
 t - the ring of the Heavens (left hand) {*Corrode rC+ EV+4 Int+2 Stlth+}
   (You found it on level 2 of the Dungeon)

   [ring of evasion]

   EV:        It affects your evasion (+4).
   Int:       It affects your intelligence (+2).
   rC:        It protects you from cold.
   *Corrode:  It may corrode you when you take damage.
   Stlth:     It makes you more stealthy.
 x - a ring of flight
 H - a ring of ice
 L - an amulet of reflection (around neck)
 N - a +6 ring of strength (right hand)
 R - an amulet of the acrobat
 X - a ring of ice
Wands
 f - a wand of digging (3)
 C - a wand of acid (12)
 V - a wand of charming (8)
Scrolls
 b - a scroll of summoning
 e - 2 scrolls of identify
 h - 3 scrolls of amnesia
 i - 3 scrolls of teleportation
 m - 5 scrolls of fog
 s - a scroll of acquirement
 u - 3 scrolls of magic mapping
Potions
 d - a potion of might
 j - 3 potions of degeneration
 k - a potion of attraction
 o - 2 potions of heal wounds
 p - a potion of ambrosia {unknown}
 q - 3 potions of cancellation
 z - 2 potions of brilliance {unknown}
 A - a potion of mutation {unknown}
 B - a potion of invisibility {unknown}
 E - 2 potions of curing {unknown}
 F - 2 potions of flight
 G - 3 potions of lignification


   Skills:
 + Level 8.0 Fighting
 + Level 10.5(11.5) Axes
 + Level 6.0(8.3) Maces & Flails
 + Level 6.8 Armour
 + Level 4.0 Dodging
 + Level 2.7 Stealth
 + Level 7.1 Shields


You had 8 spell levels left.
You knew the following spells:

 Your Spells              Type           Power      Damage    Failure   Level
b - Magic Dart            Conj           0%         1d3       54%         1

Your spell library contained the following spells:

 Spells                   Type           Power      Damage    Failure   Level
 Call Imp                 Summ           0%         N/A       69%         2
 Call Canine Familiar     Summ           0%         N/A       89%         3
 Mephitic Cloud           Conj/Pois/Air  0%         N/A       89%         3
 Portal Projectile        Hex/Tloc       0%         N/A       89%         3
 Leda's Liquefaction      Hex/Erth       0%         N/A       100%        4
 Blade Hands              Tmut           0%         N/A       100%        5
 Irradiate                Conj/Tmut      0%         3d11      100%        5
 Lee's Rapid Deconstruct  Erth           0%         3d5*      100%        5
 Statue Form              Tmut/Erth      0%         N/A       100%        6
 Dragon Form              Tmut           0%         N/A       100%        7


Dungeon Overview and Level Annotations

Branches:
Dungeon (9/15)             Temple (1/1) D:5
   Lair: D:8-11         Orc: D:9-12

Altars:
Ashenzari
Cheibriados
Dithmenos
Elyvilon
Fedhas
Gozag
Hepliaklqana
Kikubaaqudgha
Makhleb
Qazlal
Ru
Sif Muna
Trog
Uskayaw
Vehumet
Wu Jian
Xom
Yredelemnul
Zin
The Shining One

Shops:
D:2 *:[(!


Message History

Unknown command.
You hear a shout!
The orc wizard casts a spell.
The orc wizard flickers and vanishes!
Deactivating autopickup; reactivate with Ctrl-A.
An orc warrior comes into view. It is wielding a +0 scimitar.
You hear a shout!
Something tries to affect you, but you resist.
The gnoll sergeant barely misses you.
You lunge at the gnoll sergeant.
You slash the gnoll sergeant! You freeze the gnoll sergeant.
The gnoll sergeant is heavily wounded.
A wraith comes into view.
The gnoll sergeant closely misses you.
You slash the gnoll sergeant! You freeze the gnoll sergeant.
You kill the gnoll sergeant!
The Council accepts your kill.
A magic dart appears from out of thin air!
The magic dart hits you!
You hit the two-headed ogre. You freeze the two-headed ogre.
The two-headed ogre is lightly wounded.
The two-headed ogre hits you with a +0 giant spiked club!!
You block the two-headed ogre's attack. You block the gnoll sergeant's attack.
A killer bee comes into view.
You block the gnoll sergeant's attack.
The killer bee buzzes angrily.
You barely miss the two-headed ogre.
The two-headed ogre is lightly wounded.
You hear a bellow!
The two-headed ogre hits you with a +0 giant spiked club.
You block the two-headed ogre's attack.
You slash the two-headed ogre! You freeze the two-headed ogre.
The two-headed ogre is moderately wounded.
The gnoll sergeant hits you from afar with a +0 spear.
You slash the two-headed ogre! You freeze the two-headed ogre!
The two-headed ogre is severely wounded.
The two-headed ogre hits you with a +0 giant spiked club!!
* * * LOW HITPOINT WARNING * * *
The two-headed ogre hits you with a +0 giant club!
You die...

#.##............#
o..###..........#
#W. #..........#
##.##..........#
.o{##.####....#
#..'.# #....#
##.'.# #...<#
#..'.####....#
#...##ogO@.....#
##. ####......#
#O #......# ..
#......# ##
#......# #......#
#......# #......#


You could see a two-headed ogre, an orc warrior and a gnoll sergeant.

Vanquished Creatures
  A two-headed ogre (D:8)
  Sigmund (D:4)
  4 yaks (D:8)
  A steam dragon (D:8)
  Edmund (D:6)
  2 orc warriors
  6 ice beasts
  A sky beast (D:8)
  A black bear (D:6)
  A centaur (D:5)
  2 lemures (D:8)
  A bullfrog (D:8)
  A necrophage (D:5)
  2 scorpions
  A gnoll sergeant (D:9)
  9 wights (D:7)
  2 howler monkeys (D:5)
  A quasit (D:4)
  A jelly (D:8)
  6 orc priests
  3 hounds
  Ijyb (D:3)
  4 iguanas
  8 orc wizards
  4 gnolls (D:4)
  8 adders
  4 shadow imps (D:4)
  3 white imps
  An ufetubus (D:6)
  2 worms
  3 dart slugs
  27 orcs
  3 ball pythons
  2 bats (D:2)
  6 endoplasms
  5 giant cockroaches
  7 goblins
  6 hobgoblins
  A jackal (D:2)
  A quokka (D:3)
  A frilled lizard (D:3)
  4 kobolds
  6 rats
155 creatures vanquished.

Vanquished Creatures (collateral kills)
  Pikel (D:8)
1 creature vanquished.

Vanquished Creatures (others)
  A demonic plant (D:4)
1 creature vanquished.

Grand Total: 157 creatures vanquished

Notes
Turn   | Place    | Note
-------+----------+-------------------------------------------
     0 | D:1      | omnesmortales the Hill Orc Fighter began the quest for the
                  | Orb.
     0 | D:1      | Reached XP level 1. HP: 19/19 MP: 1/1
   279 | D:1      | Reached XP level 2. HP: 27/27 MP: 2/2
   437 | D:1      | Found a faded altar of an unknown god.
  1214 | D:2      | Found Noogh's Book Emporium.
  1226 | D:2      | Reached skill level 3 in Axes
  1342 | D:2      | Found Sabb's General Store.
  1499 | D:2      | Reached XP level 3. HP: 31/33 MP: 3/3
  1787 | D:2      | Found Qat Woigh's Distillery.
  1885 | D:2      | Found Baricvy's Antique Weapon Shoppe.
  1952 | D:2      | Found Inupruil's Armour Emporium.
  1959 | D:2      | Bought a +0 helmet for 45 gold pieces
  2072 | D:2      | Bought a +0 spear for 39 gold pieces
  2126 | D:2      | Identified the ring of the Heavens {*Corrode rC+ EV+4 Int+2
                  | Stlth+}
  2429 | D:3      | Found an ornate altar of the Wu Jian Council.
  2476 | D:3      | Became a worshipper of the Wu Jian Council
  2488 | D:3      | Noticed Ijyb
  2524 | D:3      | Killed Ijyb
  2525 | D:3      | Reached skill level 4 in Axes
  2525 | D:3      | Reached XP level 4. HP: 8/40 MP: 4/4
  2915 | D:2      | Bought a potion of heal wounds for 65 gold pieces
  2974 | D:3      | Reached XP level 5. HP: 47/47 MP: 5/5
  3548 | D:4      | Noticed an ice beast
  3562 | D:4      | Killed an ice beast
  3563 | D:4      | Reached skill level 5 in Fighting
  3563 | D:4      | Reached skill level 5 in Axes
  3563 | D:4      | Reached XP level 6. HP: 43/56 MP: 6/6
  3593 | D:4      | Reached * piety under Wu Jian
  3789 | D:4      | Reached skill level 6 in Axes
  3945 | D:4      | Noticed Sigmund
  3963 | D:4      | Killed Sigmund
  3964 | D:4      | Reached skill level 1 in Dodging
  3964 | D:4      | Reached XP level 7. HP: 47/61 MP: 7/7
  4178 | D:4      | Reached skill level 7 in Axes
  4372 | D:4      | Reached skill level 1 in Maces & Flails
  4519 | D:4      | Learned a level 5 spell: Blade Hands
  4656 | D:4      | Reached ** piety under Wu Jian
  4736 | D:4      | Learned a level 1 spell: Magic Dart
  4959 | D:5      | Entered Level 5 of the Dungeon
  5052 | D:5      | Reached skill level 1 in Stealth
  5116 | D:5      | Reached XP level 8. HP: 64/70 MP: 8/8
  5235 | D:5      | Reached skill level 5 in Armour
  5475 | D:5      | Found a staircase to the Ecumenical Temple.
  5490 | Temple   | Entered the Ecumenical Temple
  6083 | D:6      | Reached skill level 5 in Shields
  6371 | D:6      | Found a snail-covered altar of Cheibriados.
  6571 | D:6      | Noticed Edmund
  6582 | D:6      | Killed Edmund
  6583 | D:6      | Reached skill level 5 in Maces & Flails
  6583 | D:6      | Reached XP level 9. HP: 69/75 MP: 9/9
  7064 | D:7      | Reached *** piety under Wu Jian
  7686 | D:7      | Identified 2 scrolls of acquirement
  7686 | D:7      | Acquired a +4 broad axe of electrocution
  7829 | D:8      | Reached skill level 8 in Axes
  7829 | D:8      | Noticed Pikel
  7834 | D:8      | Killed Pikel
  8278 | D:8      | Reached XP level 10. HP: 83/86 MP: 10/10
  8287 | D:8      | Reached skill level 9 in Axes
  8431 | D:8      | Noticed a two-headed ogre
  8440 | D:8      | Killed a two-headed ogre
  8669 | D:8      | Reached skill level 10 in Axes
  9054 | D:8      | Found a glowing golden altar of the Shining One.
  9161 | D:8      | Upgraded the game from 0.29-a0-838-g385bb11a5b to
                  | 0.29-a0-841-g116ddc6ace
  9476 | D:9      | Noticed a two-headed ogre
  9490 | D:9      | Slain by a two-headed ogre

Illustrated notes

Levels and vault maps discovered:
D:1:      tarquinn_simple_flora_water_e, layout_basic,
          shapermc_ecumenical_altar_totnotflames, serial_park_tiny_pond
D:2:      layout_basic, serial_shops, shop, shop, shop, nicolae_square_shop,
          shop_fountains, st_stairs_11
D:3:      layout_basic, mainiacjoe_overflow_catwalk, hex_large,
          minmay_misc_feat_ornament, uniq_ijyb
D:4:      layout_gridville, serial_demonic, serial_demonic_c, serial_demonic_g,
          serial_demonic_d, serial_demonic_a, serial_park_tiny_2, uniq_sigmund
D:5:      layout_basic, minmay_temple_entry_hall
D:6:      layout_cave_pools, lemuel_doored_altar, uniq_edmund
D:7:      layout_loops_ring
D:8:      layout_loops_ring, mainiacjoe_overflow_alcove_2,
          hangedman_abyss_or_decor_lesser_grid, kennysheep_generic_room_6,
          uniq_pikel
D:9:      minmay_the_grid_octo_triangle [minmay_the_grid_octo_empty,
          minmay_the_grid_octo_prize_big_c, minmay_the_grid_octo_checkered],
          layout_stronghold, kennysheep_kite_vault, uniq_psyche
Temple:   minmay_crystal_spiral_temple

Skill      XL: |  1  2  3  4  5  6  7  8  9 10 |
---------------+-------------------------------+-----
Fighting       | 4 5 6 7 8 |  8.0
Axes           | 3 4 5 6 7 8 10 | 10.5
Armour         | 4 5 6 |  6.8
Dodging        | 1 2 3 4 |  4.0
Shields        | 4 5 6 7 |  7.1
Maces & Flails | 2 5 6 |  6.0
Stealth        | 1 2 |  2.7

Action                   |  1- 3 |  4- 6 |  7- 9 | 10-12 || total
-------------------------+-------+-------+-------+-------++-------
Melee: War axe           |    84 |   110 |    93 |    46 ||   333
       Mace              |       |     1 |   203 |       ||   204
       Flail             |       |       |    14 |       ||    14
Invok: Lunge             |     1 |     7 |    19 |     2 ||    29
       Whirlwind         |       |     2 |    26 |       ||    28
  Use: Scroll            |     3 |       |    16 |     3 ||    22
       Potion            |     1 |       |     2 |       ||     3
 Stab: Sleeping          |       |       |     4 |       ||     4
Armor: Scale mail        |    34 |     4 |       |       ||    38
       Ring mail         |       |    39 |    85 |     5 ||   129
Dodge: Dodged            |    35 |    50 |   179 |    14 ||   278
Block: Buckler           |    19 |    26 |   125 |    17 ||   187
       Reflection        |       |       |     4 |       ||     4

Table legend: (Time is in decaauts)
 A = Elapsed time spent in this place.
 B = Non-inter-level travel time spent in this place.
 C = Inter-level travel time spent in this place.
 D = Time resting spent in this place.
 E = Time spent auto-exploring this place.
 F = Levels seen in this place.
 G = Mean time per level.
                   A        B        C        D        E       F      G
               +--------+--------+--------+--------+--------+-----+--------+
         Total |   9574 |   9368 |    206 |   1444 |   2001 |  10 |  957.4 |
       Dungeon |   9302 |   9181 |    121 |   1444 |   1954 |   9 | 1033.6 |
        Temple |    271 |    186 |     85 |      0 |     47 |   1 |  271.0 |
               +--------+--------+--------+--------+--------+-----+--------+

Top non-repeatable levels by time:
     D:8: 1708 daAuts
     D:4: 1440 daAuts
     D:2: 1258 daAuts
     D:1: 1202 daAuts
     D:3: 1115 daAuts
     D:7: 958 daAuts
     D:5: 814 daAuts
     D:6: 759 daAuts
  Temple: 271 daAuts
     D:9: 44 daAuts
